 Dungeon Crawl Stone Soup version 0.32-a0-705-g60f233581c (webtiles) character file.

Game seed: 13727225970783494308

282 jasper the Shooter (level 6, 32/32 HPs)
             Began as a Spriggan Hexslinger on Mar 13, 2024.
             Was a Priest of Trog.
             Quit the game on level 4 of the Dungeon on Mar 14, 2024.
             The game lasted 00:06:44 (3082 turns).

jasper the Shooter (Spriggan Hexslinger)            Turns: 3082, Time: 00:06:44

Health: 32/32      AC:  5    Str:  4    XL:     6   Next: 6%
Magic:  18/18      EV: 17    Int: 14    God:    Trog [***...]
Gold:   181        SH:  0    Dex: 20    Spells: 7/7 levels left

rFire   . . .        a - +2 sling
rCold   . . .        (no shield)
rNeg    + . .        c - +0 robe
rPois   .            (helmet restricted)
rElec   .            t - +2 cloak
rCorr   .            (gloves unavailable)
SInv    +            (boots unavailable)
Will    +....        j - amulet of guardian spirit
Stlth   ++           e - ring of magical power
HPRegen 0.25/turn    i - ring of positive energy
MPRegen 0.16/turn

%: guardian spirit
@: very quick
A: very small, no large weapons, unfitting armour, see invisible, speed 3
a: Renounce Religion, Berserk, Trog's Hand


You were on level 4 of the Dungeon.
You worshipped Trog.
Trog was most pleased with you.
You visited 1 branch of the dungeon, and saw 4 of its levels.

You collected 181 gold pieces.

Inventory:

Hand Weapons
 a - a +2 sling (weapon)
 f - a +2 whip of electrocution
Missiles
 g - 18 stones
 r - a throwing net
Armour
 c - a +0 robe (worn)
 m - a scarf of harm
 n - a +0 pair of gloves
 t - a +2 cloak (worn)
Jewellery
 e - a ring of magical power (left hand)
 i - a ring of positive energy (right hand)
 j - an amulet of guardian spirit (around neck)
 p - an amulet of magic regeneration
Wands
 u - a wand of charming (1)
Scrolls
 b - 4 scrolls of poison
 d - a scroll of fog
 l - 3 scrolls of teleportation
 s - 2 scrolls of summoning
 v - a scroll of enchant weapon
Potions
 h - a potion of degeneration
 k - a potion of curing
 o - a potion of resistance {unknown}
 q - 2 potions of lignification {unknown}


   Skills:
 + Level 2.9 Fighting
 * Level 5.3 Ranged Weapons
 - Level 2.6 Dodging
 - Level 1.3 Spellcasting
 - Level 3.6 Hexes
 - Level 0.7 Fire Magic


You had 7 spell levels left.
You didn't know any spells.
Your spell library contained the following spells:

 Spells                   Type           Power      Damage    Failure   Level
 Jinxbite                 Hex            22%        N/A       9%          2
 Sigil of Binding         Hex            11%        N/A       17%         3
 Inner Flame              Hex/Fire       7%         N/A       30%         3
 Cause Fear               Hex            5%         N/A       50%         4
 Dimensional Bullseye     Hex/Tloc       3%         N/A       77%         4


Dungeon Overview and Level Annotations

Branches:
Dungeon (4/15)
 Temple: D:4-7

Altars:
Trog


Innate Abilities, Weirdness & Mutations

You are very small and have problems with some larger weapons.
You are too small for most types of armour.
You have supernaturally acute eyesight. (SInv)
You cover ground extremely quickly. (Speed+++)


Message History

You shoot a sling bullet. The sling bullet hits the orc!
You kill the orc!
Trog accepts your kill.
An adder comes into view.
Fire: a) +2 sling
Press: ? - help, Q - select action, (/) - cycle Shift-Dir - straight line, f - adder
Aim: an adder (asleep, 98% to hit)
You shoot a sling bullet. The sling bullet hits the adder.
The adder hisses angrily.
The adder is moderately wounded.
Fire: a) +2 sling
Press: ? - help, Q - select action, (/) - cycle Shift-Dir - straight line, f/p - adder
Aim: an adder (moderately wounded, 50% to hit)
You shoot a sling bullet.
The sling bullet barely misses the adder.
Fire: a) +2 sling
Press: ? - help, Q - select action, (/) - cycle Shift-Dir - straight line, f/p - adder
Aim: an adder (moderately wounded, 50% to hit)
You shoot a sling bullet.
The sling bullet closely misses the adder.
Fire: a) +2 sling
Press: ? - help, Q - select action, (/) - cycle Shift-Dir - straight line, f/p - adder
Aim: an adder (moderately wounded, 50% to hit)
You shoot a sling bullet. The sling bullet hits the adder.
The adder is severely wounded.
Fire: a) +2 sling
Press: ? - help, Q - select action, (/) - cycle Shift-Dir - straight line, f/p - adder
Aim: an adder (severely wounded, 50% to hit)
You shoot a sling bullet. The sling bullet hits the adder.
You kill the adder!
Trog accepts your kill. As you open the door, it creaks loudly!
Found a stone staircase leading up.
You open the door. 2 goblins come into view.
The goblin shouts!
You hear a shout! x3
A goblin comes into view. It is wielding a +0 club.
A hobgoblin comes into view.
You hear a shout! x2; The hobgoblin shouts!
Are you sure you want to abandon this character and quit the game? (Confirm with "yes".)

................#
................##
.............)...#
...#.............#
#.##.............#
#.##.............#
#.######'##'##'#.#
.>######.##.##.#.#
#......#.##<##.#@#
#......#.###...#....g...
#........# .######g..#.
#......### . g...
#......# .# g.. #.###.##
.# ......##### #
).........# ..........#


You could see a hobgoblin and 3 goblins.

Vanquished Creatures
  A hound (D:4)
  Jessica (D:3)
  A sleepcap (D:4)
  2 gnolls (D:4)
  10 adders
  6 dart slugs
  A ribbon worm (D:2)
  4 orcs
  2 bats (D:1)
  9 endoplasms
  4 giant cockroaches
  4 goblins
  5 hobgoblins
  5 kobolds
  2 quokkas (D:2)
  13 ball pythons
  5 frilled lizards
  4 rats
79 creatures vanquished.

Notes
Turn   | Place    | Note
-------+----------+-------------------------------------------
     0 | D:1      | jasper the Spriggan Hexslinger began the quest for the Orb.
     0 | D:1      | Reached XP level 1. HP: 9/9 MP: 3/3
    83 | D:1      | Reached skill level 1 in Fighting
   209 | D:1      | Reached XP level 2. HP: 14/14 MP: 5/5
   212 | D:1      | Learned a level 2 spell: Jinxbite
   429 | D:1      | Found a faded altar of an unknown god.
   445 | D:1      | Prayed at the altar of an unknown god.
   445 | D:1      | Became a worshipper of Trog the Wrathful
   445 | D:1      | Reached * piety under Trog
   691 | D:1      | Reached skill level 3 in Ranged Weapons
   715 | D:1      | Reached XP level 3. HP: 18/18 MP: 6/6
  1122 | D:2      | Reached ** piety under Trog
  1595 | D:3      | Reached XP level 4. HP: 21/23 MP: 7/7
  1791 | D:3      | Noticed Jessica
  1792 | D:3      | Killed Jessica
  1793 | D:3      | Reached skill level 4 in Ranged Weapons
  2461 | D:4      | Reached XP level 5. HP: 26/26 MP: 8/8
  2531 | D:4      | Upgraded the game from 0.32-a0-699-g1ee5eff69a to
                  | 0.32-a0-705-g60f233581c
  2811 | D:4      | Reached skill level 5 in Ranged Weapons
  3022 | D:4      | Reached XP level 6. HP: 32/32 MP: 9/9
  3032 | D:4      | Reached *** piety under Trog
  3082 | D:4      | Quit the game

Illustrated notes

Levels and vault maps discovered:
D:1:      minmay_arrival_arboretum_large, layout_basic,
          nicolae_ecumenical_snake_handling, minmay_3d_cube
D:2:      layout_basic, minmay_misc_feat_square, nicolae_the_louvre
D:3:      layout_loops_corners, minmay_between, uniq_jessica
D:4:      layout_basic, uniq_natasha, uniq_robin

Skill      XL: |  1  2  3  4  5 |
---------------+----------------+-----
Fighting       | 1 2 |  2.9
Ranged Weapons | 3 4 5 |  5.3
Dodging        | |  2.6
Spellcasting   | |  1.3
Hexes          | |  3.6
Fire Magic     | |  0.7

Action                     |  1- 3 |  4- 6 || total
---------------------------+-------+-------++-------
  Melee: Whip              |     2 |       ||     2
   Fire: Sling             |   172 |   115 ||   287
   Cast: Jinxbite          |     3 |       ||     3
 Invoke: Berserk           |     1 |       ||     1
    Use: Scroll            |     4 |     6 ||    10
 Armour: Robe              |    21 |    22 ||    43
  Dodge: Dodged            |    64 |    53 ||   117

Table legend: (Time is in decaauts)
 A = Elapsed time spent in this place.
 B = Non-inter-level travel time spent in this place.
 C = Inter-level travel time spent in this place.
 D = Time resting spent in this place.
 E = Time spent auto-exploring this place.
 F = Levels seen in this place.
 G = Mean time per level.
                   A        B        C        D        E       F      G
               +--------+--------+--------+--------+--------+-----+--------+
         Total |   2192 |   2095 |     97 |     78 |   1424 |   4 |  548.0 |
       Dungeon |   2192 |   2095 |     97 |     78 |   1424 |   4 |  548.0 |
               +--------+--------+--------+--------+--------+-----+--------+

Top non-repeatable levels by time:
     D:1: 627 daAuts
     D:3: 600 daAuts
     D:2: 499 daAuts
     D:4: 465 daAuts
